 Dungeon Crawl Stone Soup version 0.31-a0-810-ga77100ea1a (webtiles) character file.

Game seed: 17647633966825763401

196 Dittersdorf the Shield-Bearer (level 5, 0/34 HPs)
             Began as a Gargoyle Fighter on Sept 21, 2023.
             Slain by an orc wizard
             ... wielding a +4 dagger
              (1 damage)
             ... on level 3 of the Dungeon.
             The game lasted 00:02:46 (2733 turns).

Dittersdorf the Shield-Bearer (Gargoyle Fighter)    Turns: 2733, Time: 00:02:46

Health: 0/34       AC: 12    Str: 22    XL:     5   Next: 74%
Magic:  5/5        EV:  9    Int:  8    God:
Gold:   253        SH:  4    Dex:  9    Spells: 4/4 levels left

rFire   . . .        a - +0 flail
rCold   . . .        c - +0 buckler
rNeg    + . .        b - +0 scale mail
rPois   ∞            (no helmet)
rElec   +            m - +0 cloak
rCorr   .            (no gloves)
SInv    .            (no boots)
Will    +....        (no amulet) Stlth
                     o - ring of willpower
HPRegen 0.25/turn    (no ring)
MPRegen 0.09/turn

%: no passive effects
@: no status effects
A: sickness immunity, AC +4, negative energy resistance 1, electricity
resistance, torment resistance 1, petrification resistance
a: no special abilities


You were on level 3 of the Dungeon.
You visited 1 branch of the dungeon, and saw 3 of its levels.

You collected 253 gold pieces.

Inventory:

Hand Weapons
 a - a +0 flail (weapon)
Missiles
 l - 3 poisoned darts (quivered)
Armour
 b - a +0 scale mail (worn)
 c - a +0 buckler (worn)
 m - a +0 cloak (worn)
Jewellery
 o - a ring of willpower (left hand)
Wands
 u - a wand of charming (9)
 w - a wand of flame (5)
Scrolls
 e - a scroll of fear {unknown}
 h - 3 scrolls of enchant armour {unknown}
 i - 3 scrolls of identify {unknown}
 j - a scroll of amnesia {unknown}
 n - 2 scrolls of vulnerability {unknown}
 q - a scroll of poison {unknown}
 r - a scroll of noise {unknown}
 s - a scroll of torment {unknown}
Potions
 d - a potion of might
 f - a potion of enlightenment {unknown}
 g - 2 potions of curing {unknown}
 k - 2 potions of brilliance {unknown}
 p - a potion of lignification {unknown}
 t - a potion of ambrosia {unknown}
 v - a potion of magic {unknown}


   Skills:
 + Level 4.4 Fighting
 + Level 3.3 Maces & Flails
 + Level 4.4 Armour
 + Level 4.4 Shields


You had 4 spell levels left.
You didn't know any spells.
Your spell library was empty.

Dungeon Overview and Level Annotations

Branches:
Dungeon (3/15)

Altars:


Innate Abilities, Weirdness & Mutations

You are immune to sickness and miasma.
Your stone body is resilient. (AC +4)
You are immune to poison.
You resist negative energy. (rN+)
You are resistant to electric shocks. (rElec)
You are resistant to unholy torment.
You are immune to petrification.


Message History

You are too injured to fight recklessly!
You are too injured to fight recklessly!
You are too injured to fight recklessly!
You are too injured to fight recklessly!
You are too injured to fight recklessly!
You are too injured to fight recklessly!
You are too injured to fight recklessly!
You are too injured to fight recklessly!
You are too injured to fight recklessly!
You are too injured to fight recklessly!
You are too injured to fight recklessly!
You are too injured to fight recklessly!
You are too injured to fight recklessly!
You are too injured to fight recklessly!
You are too injured to fight recklessly!
You are too injured to fight recklessly!
You are too injured to fight recklessly!
A magic dart appears from out of thin air!
The magic dart hits you but does no damage.
You hear some strange, mumbled words.
You are confused.
You completely miss something. Something hits you but does no damage.
You completely miss something.
You feel less confused. Something hits you but does no damage.
You hear some strange, mumbled words.
A puff of flame appears from out of thin air!
The puff of flame hits something.
You barely miss something. Something hits you but does no damage.
Something hits you.
* * * LOW HITPOINT WARNING * * *
You hit something. Something completely misses you.
You miss something. You block something's attack.
You closely miss something.
You hear some strange, mumbled words.
A puff of flame appears from out of thin air!
The puff of flame hits you!
* * * LOW HITPOINT WARNING * * *
Something hits you.
You die...

#### #... #####
#.## #...#####
#.#
#..o.{@.#########
#.#
#.).###.†.......#
#.# ##.##
#.#######.####.##
#.
#.#######.##..)..
#o
#..............##
#.
#.#######.##.#.#
#. #.#
#####.##.#.# #.
#.# #......<.#.##
.. #.#
#.###.####...


You could see an orc.

Vanquished Creatures
  2 orc wizards (D:3)
  5 gnolls
  3 adders (D:3)
  2 worms
  4 dart slugs
  2 orcs (D:3)
  4 bats
  2 endoplasms
  A giant cockroach (D:3)
  7 goblins
  3 hobgoblins
  4 quokkas
  5 ball pythons
  6 frilled lizards (D:2)
  6 kobolds
  4 rats
60 creatures vanquished.

Notes
Turn   | Place    | Note
-------+----------+-------------------------------------------
     0 | D:1      | Dittersdorf the Gargoyle Fighter began the quest for the
                  | Orb.
     0 | D:1      | Reached XP level 1. HP: 14/14 MP: 1/1
   227 | D:1      | Reached XP level 2. HP: 19/19 MP: 2/2
   727 | D:2      | Reached XP level 3. HP: 23/23 MP: 3/3
  1583 | D:3      | Reached XP level 4. HP: 29/29 MP: 4/4
  2129 | D:3      | Reached XP level 5. HP: 33/33 MP: 5/5
  2466 | D:3      | Found a faded altar of an unknown god.
  2733 | D:3      | HP: 1/34 [something/puff of flame (10)]
  2733 | D:3      | Slain by an orc wizard

Illustrated notes

Levels and vault maps discovered:
D:1:      scummos_arrival_simple_crosswalls, layout_basic
D:2:      layout_basic, minmay_bisected
D:3:      layout_loops_ring, shapermc_ecumenical_altar_totnotflames,
          minmay_distorted

Skill      XL: |  1  2  3  4 |
---------------+-------------+-----
Shields        | 4 |  4.4
Fighting       | 4 |  4.4
Armour         | 4 |  4.4
Maces & Flails | 3 |  3.3

Action                     |  1- 3 |  4- 6 || total
---------------------------+-------+-------++-------
  Melee: Flail             |   137 |   129 ||   266
 Armour: Scale mail        |   112 |   127 ||   239
  Dodge: Dodged            |    52 |    72 ||   124
  Block: Buckler           |    34 |    31 ||    65

Table legend: (Time is in decaauts)
 A = Elapsed time spent in this place.
 B = Non-inter-level travel time spent in this place.
 C = Inter-level travel time spent in this place.
 D = Time resting spent in this place.
 E = Time spent auto-exploring this place.
 F = Levels seen in this place.
 G = Mean time per level.
                   A        B        C        D        E       F      G
               +--------+--------+--------+--------+--------+-----+--------+
         Total |   2816 |   2743 |     73 |    286 |   1820 |   3 |  938.7 |
       Dungeon |   2816 |   2743 |     73 |    286 |   1820 |   3 |  938.7 |
               +--------+--------+--------+--------+--------+-----+--------+

Top non-repeatable levels by time:
     D:2: 1138 daAuts
     D:3: 975 daAuts
     D:1: 702 daAuts
